AoeStats
← zack

Arena

505643333Analyzed
4v4 RM · 2mo ago on Sep 10, 2026· 53m 43s· 8 players
Game mode
Random Map
Map size
Large (8 player)
Population
200
Speed
Normal
Resources
Standard
Victory
Conquest
Starting age
Dark Age
Ending age
Imperial Age
RankedLock teamsTeams togetherTeam positionsShared explorationLock speedFull tech treeHidden civsTurbo modeCheats
Victory
Defeat
🇨🇳 Hindustanis · China
1173
+15
🇨🇳 Poles · China
1173
+15
🇨🇳 Japanese · China
1162
+15
🇫🇷 Ethiopians · France
1137
+16
vs
🇦🇺 Teutons · Australia
1177
-16
🇨🇳 Persians · China
1155
-16
🇹🇼 Inca · Taiwan
1140
-15
🇨🇳 Romans · China
1104
-14
ArtherRen
11:28 Feudal Age
15:30 Castle Age
13:57 Double-Bit Axe
14:08 Horse Collar
16:16 Crossbowman
25:30 Bow Saw
25:23 Heavy Plow
26:09 Wheelbarrow
30:19 Imperial Age
28:07 Fletching
28:18 Padded Archer Armor
29:19 Ballistics
28:59 Bodkin Arrow
28:27 Pikeman
29:12 Squires
29:48 Thumb Ring
29:50 Scale Mail Armor
30:12 Gold Mining
30:45 Leather Archer Armor
31:01 Forging
31:20 Conscription
30:22 Elite Skirmisher
31:01 Halberdier
33:22 Chemistry
32:38 Bracer
32:52 Arbalester
33:55 Chain Mail Armor
34:54 Ring Archer Armor
35:14 Iron Casting
37:05 Plate Mail Armor
36:04 Heavy Scorpion
38:40 Champi Runner
41:32 Blast Furnace
40:27 Champi Warrior
41:20 Andean Sling
46:03 Fabric Shields
49:37 Fortified Wall
Longlonglong
12:21 Feudal Age
16:34 Castle Age
15:37 Double-Bit Axe
15:33 Horse Collar
25:41 Bow Saw
25:27 Stone Mining
26:53 Gold Mining
28:09 Wheelbarrow
29:22 Gold Shaft Mining
31:26 Imperial Age
30:23 Scale Barding Armor
30:28 Forging
30:39 Hand Cart
30:26 Heavy Plow
31:33 Chain Barding Armor
32:33 Iron Casting
32:35 Crop Rotation
32:34 Conscription
31:52 Cavalier
32:33 Husbandry
32:44 Bloodlines
35:25 Plate Barding Armor
35:50 Blast Furnace
35:53 Savar
40:02 Citadels
Grimble_Grumble
10:12 Feudal Age
14:06 Castle Age
12:35 Double-Bit Axe
15:39 Bow Saw
15:11 Horse Collar
18:06 Loom
20:45 Heavy Plow
22:37 Wheelbarrow
27:31 Imperial Age
25:05 Gold Mining
25:07 Stone Mining
25:35 Scale Mail Armor
25:46 Forging
26:32 Hand Cart
26:35 Town Watch
27:52 Stone Shaft Mining
28:23 Iron Casting
28:04 Chain Mail Armor
28:04 Capped Ram
29:54 Chemistry
30:12 Blast Furnace
29:49 Conscription
29:45 Pikeman
30:11 Gambesons
30:26 Squires
30:25 Halberdier
31:31 Elite Teutonic Knight
33:40 Cavalier
34:45 Bloodlines
36:45 Fortified Wall
36:56 Ballistics
37:07 Plate Mail Armor
36:38 Padded Archer Armor
zack
10:37 Feudal Age
12:20 Double-Bit Axe
15:14 Castle Age
13:10 Horse Collar
15:02 Gold Mining
16:53 Heavy Plow
17:58 Bow Saw
21:20 Wheelbarrow
21:08 Gold Mining
21:07 Loom
21:28 Man-at-Arms
22:12 Scale Mail Armor
25:27 Stone Mining
28:32 Imperial Age
27:35 Gold Shaft Mining
27:32 Hand Cart
27:55 Chain Mail Armor
27:51 Forging
28:40 Squires
28:03 Long Swordsman
28:56 Town Watch
30:28 Crop Rotation
30:41 Iron Casting
30:11 Scale Barding Armor
30:35 Town Patrol
30:21 Loom
31:00 Bloodlines
30:12 Cavalier
30:54 Husbandry
30:35 Pikeman
33:07 Comitatenses
34:02 Conscription
34:55 Blast Furnace
34:15 Chain Barding Armor
33:35 Legionary
37:08 Capped Ram
41:36 Light Cavalry
43:05 Plate Barding Armor
52:58 Halberdier
系色望
10:24 Feudal Age
14:47 Castle Age
13:55 Horse Collar
14:02 Double-Bit Axe
17:16 Bow Saw
17:38 Heavy Plow
26:13 Szlachta Privileges
29:05 Imperial Age
27:14 Wheelbarrow
26:48 Husbandry
28:03 Bloodlines
27:14 Light Cavalry
28:08 Forging
28:03 Scale Barding Armor
27:55 Gold Mining
27:56 Stone Mining
29:53 Iron Casting
29:38 Chain Barding Armor
29:18 Cavalier
30:37 Conscription
32:38 Blast Furnace
32:23 Lechitic Legacy
33:14 Stone Shaft Mining
32:58 Winged Hussar
34:24 Crop Rotation
35:27 Scale Mail Armor
36:51 Murder Holes
36:36 Treadmill Crane
37:18 Ballistics
37:32 Fletching
37:58 Chain Mail Armor
40:50 Chemistry
47:29 Siege Engineers
47:41 Careening
47:44 Fortified Wall
47:47 Masonry
clem3613
9:01 Loom
11:11 Feudal Age
14:53 Castle Age
12:54 Double-Bit Axe
16:32 Bow Saw
16:30 Horse Collar
21:33 Gold Mining
23:24 Wheelbarrow
23:54 Stone Mining
24:42 Gold Shaft Mining
24:02 Stone Mining
25:22 Stone Shaft Mining
25:25 Hand Cart
25:37 Heavy Plow
27:11 Gold Shaft Mining
30:26 Imperial Age
28:22 Fletching
28:33 Padded Archer Armor
29:12 Ballistics
29:05 Fortified Wall
29:18 Crossbowman
30:04 Thumb Ring
30:03 Bodkin Arrow
30:24 Leather Archer Armor
32:10 Two-Man Saw
30:43 Onager
32:03 Conscription
31:09 Arbalester
32:21 Bracer
34:57 Ring Archer Armor
34:33 Siege Engineers
35:29 Chemistry
34:37 Siege Engineers
34:43 Masonry
34:28 Murder Holes
35:35 Town Watch
36:37 Torsion Engines
37:53 Caravan
48:14 Sappers
53:26 Town Patrol
53:28 Siege Onager
洛塔林吉亚人
12:01 Feudal Age
16:25 Castle Age
14:55 Double-Bit Axe
14:52 Horse Collar
16:13 Stone Mining
16:48 Gold Mining
17:59 Heavy Plow
24:41 Wheelbarrow
26:36 Gold Shaft Mining
27:07 Bow Saw
32:16 Imperial Age
30:33 Scale Mail Armor
30:49 Forging
30:42 Squires
30:28 Arson
30:29 Gambesons
30:06 Man-at-Arms
31:44 Ballistics
31:01 Pikeman
32:04 Chain Mail Armor
32:25 Iron Casting
32:18 Fletching
32:30 Padded Archer Armor
33:12 Hand Cart
33:32 Plate Mail Armor
33:34 Conscription
34:58 Two-Man Saw
35:07 Blast Furnace
33:51 Long Swordsman
34:43 Two-Handed Swordsman
35:46 Champion
36:56 Elite Samurai
37:54 Halberdier
50:36 Parthian Tactics
49:31 Heavy Cavalry Archer
50:13 Bodkin Arrow
50:34 Leather Archer Armor
51:25 Chemistry
50:46 Ballistics
52:51 Ring Archer Armor
52:22 Bracer
大牛魔
10:16 Feudal Age
11:44 Double-Bit Axe
14:05 Castle Age
12:06 Horse Collar
15:01 Bow Saw
20:58 Wheelbarrow
23:07 Hand Cart
23:54 Gold Mining
27:59 Imperial Age
26:32 Gold Shaft Mining
26:09 Padded Archer Armor
26:16 Scale Barding Armor
26:22 Forging
27:12 Heavy Plow
27:36 Leather Archer Armor
28:03 Ballistics
27:55 Husbandry
28:05 Bloodlines
27:17 Light Cavalry
29:40 Chemistry
30:16 Two-Man Saw
29:45 Chain Barding Armor
29:57 Ring Archer Armor
29:52 Chain Barding Armor
30:08 Iron Casting
29:55 Stone Mining
31:19 Siege Engineers
30:49 Hussar
32:19 Shatagni
34:49 Conscription
36:51 Grand Trunk Road
38:06 Blast Furnace
37:42 Plate Barding Armor
38:07 Heavy Camel Rider
39:30 Plate Barding Armor
40:26 Imperial Camel Rider
Connection lost

Rejoining the realm…

Still unreachable

The connection could not be restored.

Session expired

The server has moved on; the page needs a fresh start.